 Dungeon Crawl Stone Soup version 0.30-a0-743-gbfdf073431 (webtiles) character file.

Game seed: 15249157122063535895

235 DeathSun the Poker (level 5, 45/45 HPs)
             Began as a Draconian Monk on Feb 8, 2023.
             Quit the game on level 3 of the Dungeon.
             The game lasted 00:04:58 (2438 turns).

DeathSun the Poker (Draconian Monk)                 Turns: 2438, Time: 00:04:59

Health: 45/45      AC:  5    Str: 13    XL:     5   Next: 76%
Magic:  5/5        EV: 12    Int: 12    God:
Gold:   82         SH:  0    Dex: 14    Spells: 4/4 levels left

rFire   . . .      SeeInvis .    a - +0 spear
rCold   . . .      Faith    .    (no shield)
rNeg    . . .      Spirit   .    (body armour unavailable)
rPois   .          Reflect  .    (helmet restricted)
rElec   .          Harm     .    (no cloak)
rCorr   .          Rampage  .    (no gloves)
Will    .....                    (no boots)
Stlth   ++                       (no amulet)
HPRegen 0.27/turn                (no ring)
MPRegen 0.09/turn                (no ring)

@: no status effects
A: AC +5, unfitting armour, cold-blooded
a: no special abilities


You were on level 3 of the Dungeon.
You visited 1 branch of the dungeon, and saw 3 of its levels.
You also visited: Sewer.

You collected 82 gold pieces.

Inventory:

Hand Weapons
 a - a +0 spear (weapon)
Missiles
 g - 3 javelins (quivered)
Magical Staves
 k - a staff of conjuration
Jewellery
 l - an amulet of the acrobat
Scrolls
 b - 2 scrolls of fear
 e - 2 scrolls of summoning
 h - a scroll of poison
 j - 2 scrolls of torment
Potions
 d - 3 potions of haste
 f - a potion of curing
 i - a potion of berserk rage {unknown}
 m - a potion of invisibility {unknown}


   Skills:
 - Level 3.2 Fighting
 * Level 6.5 Polearms
 - Level 2.6 Dodging
 - Level 1.7 Stealth


You had 4 spell levels left.
You didn't know any spells.
Your spell library contained the following spells:

 Spells                   Type           Power      Damage    Failure   Level
 Dazzling Flash           Conj/Hex       0%         N/A       69%         3
 Agony                    Necr           0%         N/A       100%        5
 Silence                  Hex/Air        0%         N/A       100%        5


Dungeon Overview and Level Annotations

Branches:
Dungeon (3/15)              Sewer (visited)

Altars:
Wu Jian

Shops:
D:3 (


Innate Abilities, Weirdness & Mutations

Your plain brown scales are hard. (AC +5)
You cannot fit into any form of body armour.
You are cold-blooded and may be slowed by cold attacks.


Message History

There is an entrance to Pewal's Antique Weapon Shop here.
A ball python comes into view.
The ball python hisses angrily.
A ball python is nearby!
A ball python is nearby!
You are not religious.
You are not religious.
A ball python is nearby!
You hit the ball python.
You kill the ball python!
No target in view!
No target in view!
Sorry, you're not good enough to have a special ability.
You see here a ball python corpse.
You see here a ball python corpse.
A goblin comes into view. It is wielding a +0 club.
Found a scroll of torment.
A goblin is nearby!
A goblin is nearby!
The goblin shouts!
You closely miss the goblin. You hit the goblin.
The goblin is heavily wounded.
The goblin hits you with a +0 club.
You barely miss the goblin.
The goblin is heavily wounded.
The goblin closely misses you.
You hit the goblin.
You kill the goblin!
No target in view!
No target in view!
j - 2 scrolls of torment (gained 1)
You see here a +0 mace.
Done exploring.
Done exploring.
Done exploring.
Done exploring.
No target in view!
No target in view!
Are you sure you want to abandon this character and quit the game? (Confirm with "yes".)

#.#......##.....#...........
#........##.....#.###.##.###
#.#..##..##.....#.###.##.# #
#.#.(.#..##.......#......#
#.#.#.#..##.####[.#.#<####
#.#.#....##.####..#.#.# #
#..............#......# ##
#####....##.##......### #.
#.#.###@####.###########
#.#.# #......# #......#
#...# ######## #.#.....
##### #....... #.......
#....... #....... ##......
#......


There were no monsters in sight!

Vanquished Creatures
  Pargi (Sewer)
  9 adders
  A worm (D:2)
  2 dart slugs
  7 ball pythons
  4 bats
  5 endoplasms
  5 giant cockroaches
  3 goblins
  5 hobgoblins
  A kobold (D:1)
  2 quokkas (D:1)
  8 frilled lizards
  6 rats
59 creatures vanquished.

Notes
Turn   | Place    | Note
-------+----------+-------------------------------------------
     0 | D:1      | DeathSun the Draconian Monk began the quest for the Orb.
     0 | D:1      | Reached XP level 1. HP: 19/19 MP: 1/1
    33 | D:1      | Found a faded altar of an unknown god.
   190 | D:1      | Reached XP level 2. HP: 25/26 MP: 2/2
   514 | D:1      | Reached skill level 4 in Polearms
   750 | D:1      | Reached XP level 3. HP: 31/31 MP: 3/3
  1214 | D:2      | Found an ornate altar of the Wu Jian Council.
  1456 | D:3      | Found Pewal's Antique Weapon Shop.
  1502 | D:3      | Reached skill level 5 in Polearms
  1502 | D:3      | Reached XP level 4. HP: 38/38 MP: 4/4
  1656 | D:3      | Found a glowing drain.
  1753 | Sewer    | Entered a sewer
  1862 | Sewer    | Noticed Pargi
  1915 | Sewer    | Killed Pargi
  1916 | Sewer    | Reached skill level 6 in Polearms
  1916 | Sewer    | Reached XP level 5. HP: 22/45 MP: 5/5
  2438 | D:3      | Quit the game

Illustrated notes

Levels and vault maps discovered:
D:1:      mrwooster_arrival_statue_2, layout_basic,
          ebering_ecumenical_altar_sacrificial
D:2:      layout_rooms, basic_altar
D:3:      layout_loops_cross, serial_shops, nicolae_shop_trees,
          gup_sewer_entry_glass

Skill      XL: |  1  2  3  4 |
---------------+-------------+-----
Polearms       | 4 5 6 |  6.5
Fighting       | |  3.2
Dodging        | |  2.6
Stealth        | |  1.7

Action                     |  1- 3 |  4- 6 || total
---------------------------+-------+-------++-------
  Melee: Spear             |   141 |   121 ||   262
         Tailslap          |    12 |    18 ||    30
         Punch             |       |     1 ||     1
    Use: Potion            |       |     4 ||     4
         Scroll            |       |     5 ||     5
   Stab: Sleeping          |    12 |       ||    12
 Armour: Skin              |    19 |    52 ||    71
  Dodge: Dodged            |    46 |    92 ||   138

Table legend: (Time is in decaauts)
 A = Elapsed time spent in this place.
 B = Non-inter-level travel time spent in this place.
 C = Inter-level travel time spent in this place.
 D = Time resting spent in this place.
 E = Time spent auto-exploring this place.
 F = Levels seen in this place.
 G = Mean time per level.
                   A        B        C        D        E       F      G
               +--------+--------+--------+--------+--------+-----+--------+
         Total |   2445 |   2414 |     31 |      0 |   1843 |   4 |  611.2 |
       Dungeon |   2049 |   2018 |     31 |      0 |   1563 |   3 |  683.0 |
         Sewer |    396 |    396 |      0 |      0 |    280 |   1 |  396.0 |
               +--------+--------+--------+--------+--------+-----+--------+

Top non-repeatable levels by time:
     D:1: 874 daAuts
     D:3: 608 daAuts
     D:2: 566 daAuts
   Sewer: 396 daAuts
